 Dungeon Crawl Stone Soup version 0.27-a0-1579-g97d2440184 (webtiles) character file.

Game seed: 1150049729973369141

7031 Sin92 the Cleaver (level 10, 0/79 HPs)
             Began as a Demonspawn Fighter on July 17, 2021.
             Was an Elder of Okawaru.
             Slain by a six-headed hydra (5 damage)
             ... on level 1 of the Lair of Beasts.
             The game lasted 00:22:44 (11220 turns).

Sin92 the Cleaver (Demonspawn Fighter)             Turns: 11220, Time: 00:22:44

Health: 0/79       AC: 16    Str: 25    XL:     10   Next: 82%
Magic:  14/14      EV: 12    Int:  9    God:    Okawaru [****..]
Gold:   1613       SH: 11    Dex: 18    Spells: 9/9 levels left

rFire    . . .     SeeInvis .   i - +2 mace (vorpal)
rCold    . . .     Faith    .   c - +0 kite shield
rNeg     . . .     Spirit   .   m - +1 plate armour
rPois    .         Reflect  .   (helmet restricted)
rElec    .         Harm     .   D - +1 cloak of Starlight {*Dazzle EV+4 Stlth--}
rCorr    .         Rampage  .   (no gloves)
Will     .....                  (no boots)
Stlth    ..........             w - amulet of regeneration
HPRegen  1.23/turn              g - +6 ring of strength
MPRegen  0.14/turn              (no ring)

@: mighty
A: antennae 2, thin skeletal structure 2, powered by pain 2
a: Renounce Religion, Heroism


You were on level 1 of the Lair of Beasts.
You worshipped Okawaru.
Okawaru was greatly pleased with you.
You visited 3 branches of the dungeon, and saw 11 of its levels.
You also visited: Sewer.

You collected 2541 gold pieces.
You spent 928 gold pieces at shops.

Inventory:

Hand Weapons
 h - the +4 dire flail "Numoosan" {pain, Str+4}
   (You bought it in a shop on level 1 of the Dungeon)

   In the hands of one skilled in necromantic magic, it inflicts extra damage on
   living creatures.
   Str:       It affects your strength (+4).
 i - a +2 vorpal mace (weapon)
 o - a +2 vampiric broad axe
 x - a +2 vampiric broad axe
Missiles
 b - 2 curare-tipped darts (quivered)
Armour
 c - a +0 kite shield (worn)
 m - a +1 plate armour (worn)
 D - the +1 cloak of Starlight (worn) {*Dazzle EV+4 Stlth--}
   (You found it on level 1 of the Lair of Beasts)

   It may blind those who miss an attack against the wearer in melee combat.
   EV:        It affects your evasion (+4).
   Stlth:     It makes you much less stealthy.
Jewellery
 g - a +6 ring of strength (left hand)
 k - a ring of wizardry
 r - a ring of wizardry
 w - an amulet of regeneration (around neck)
 y - a +6 ring of intelligence
Wands
 z - a wand of polymorph (20)
 A - a wand of iceblast (6)
 C - a wand of mindburst (8)
Scrolls
 f - 6 scrolls of teleportation
 l - 2 scrolls of fear
 p - 3 scrolls of fog
 q - a scroll of blinking
 E - a scroll of noise {unknown}
Potions
 a - a potion of haste
 d - 4 potions of heal wounds
 e - 2 potions of curing
 j - 3 potions of resistance {unknown}
 n - 2 potions of flight {unknown}
 s - a potion of mutation
 t - a potion of magic
 u - a potion of lignification
 v - a potion of brilliance {unknown}
 B - a potion of might


   Skills:
 + Level 7.3 Fighting
 * Level 8.8 Axes
 + Level 6.6 Armour
 + Level 5.9 Dodging
 + Level 6.5 Shields
 + Level 5.4 Invocations


You had 9 spell levels left.
You didn't know any spells.
Your spell library contained the following spells:

 Spells                   Type           Power      Damage    Failure   Level
 Shock                    Conj/Air       0%         1d3       100%        1
 Static Discharge         Conj/Air       0%         N/A       100%        2
 Dazzling Flash           Conj/Hex       0%         N/A       100%        3
 Swiftness                Air            0%         N/A       100%        3
 Airstrike                Air            0%         N/A       100%        4
 Dispel Undead            Necr           0%         3d6       100%        4
 Sticky Flame             Conj/Fire      0%         2d3       100%        4
 Agony                    Necr           0%         N/A       100%        5
 Silence                  Hex/Air        0%         N/A       100%        5


Dungeon Overview and Level Annotations

Branches:
Dungeon (9/15)             Temple (1/1) D:7            Lair (1/6) D:9
  Sewer (visited)
    Orc: D:9-12

Altars:
Ashenzari
Cheibriados
Dithmenos
Elyvilon
Fedhas
Gozag
Hepliaklqana
Kikubaaqudgha
Makhleb
Nemelex Xobeh
Okawaru
Qazlal
Ru
Sif Muna
Trog
Uskayaw
Vehumet
Wu Jian
Xom
Yredelemnul
Zin
The Shining One

Shops:
D:1 (   D:7 *


Innate Abilities, Weirdness & Mutations

You have a pair of antennae on your head.
You have a moderately thin skeletal structure. (Dex +4, Stealth++)
You sometimes gain power by taking damage.


Message History

The six-headed hydra bites you!
You focus on the pain.
You feel very mighty all of a sudden.
The six-headed hydra bites you but does no damage. x2
The six-headed hydra bites you!
A six-headed hydra is nearby!
You are too injured to fight recklessly!
Unknown command.
Unknown command.
Unknown command.
You can't wield that with a shield.
You feel the dreadful sensation subside.
i - a +2 vorpal mace (weapon)
You sock the six-headed hydra!
The six-headed hydra is moderately wounded.
The six-headed hydra barely misses you.
You block the six-headed hydra's attack.
The six-headed hydra barely misses you. x2; The six-headed hydra bites you!
The six-headed hydra misses you. The six-headed hydra bites you.
* * * LOW HITPOINT WARNING * * *
You block the six-headed hydra's attack.
The six-headed hydra bites you.
* * * LOW HITPOINT WARNING * * *
You block the six-headed hydra's attack. x3
You thump the six-headed hydra!
The six-headed hydra is heavily wounded.
The six-headed hydra bites you but does no damage.
The six-headed hydra barely misses you.
The six-headed hydra bites you but does no damage. x2
You block the six-headed hydra's attack. x2
You sock the six-headed hydra!
The six-headed hydra is severely wounded.
You block the six-headed hydra's attack.
The six-headed hydra bites you!
* * * LOW HITPOINT WARNING * * *
The six-headed hydra bites you.
* * * LOW HITPOINT WARNING * * *
The six-headed hydra bites you.
* * * LOW HITPOINT WARNING * * *
The six-headed hydra bites you.
You die...

## ############.##
######.#.#..#......##
....................##
.....................#
.....................#
....................#
..##..###P..#.......#
...#..####..####@..##
.......#......##D..#
..............##....#
...................(#
....................#
...###..#####P#######
#.####..P# ##
#.##P#..## .........#


You could see a six-headed hydra.

Vanquished Creatures
  A black mamba (Lair:1)
  A gargoyle (D:9)
  2 komodo dragons (Lair:1)
  3 blink frogs (Lair:1)
  3 wyverns
  5 yaks (D:9)
  A basilisk (D:9)
  4 steam dragons
  8 water moccasins
  An orc warrior (D:8)
  A sky beast (D:5)
  Purgy (Sewer)
  3 ice beasts
  2 black bears
  6 ogres
  A centaur (D:3)
  2 kobold brigands (D:8)
  A bullfrog (D:8)
  A water moccasin zombie (D:5)
  3 scorpions
  A wyvern skeleton (D:7)
  3 wights (D:8)
  A howler monkey (D:9)
  4 centaur zombies
  3 jellies
  A centaur skeleton (D:5)
  A hound (D:4)
  A gnoll shaman (D:7)
  Jessica (D:2)
  2 iguanas
  5 orc wizards
  A howler monkey skeleton (D:5)
  8 gnolls
  10 adders
  An adder skeleton (D:4)
  3 worms
  4 dart slugs
  26 orcs
  2 endoplasms
  7 giant cockroaches
  3 goblins
  9 hobgoblins
  11 jackals
  14 kobolds
  4 quokkas
  10 ball pythons
  7 bats
  3 frilled lizards (Sewer)
  3 rats
199 creatures vanquished.

Vanquished Creatures (others)
  4 fungi
  10 plants
14 creatures vanquished.

Grand Total: 213 creatures vanquished

Notes
Turn   | Place    | Note
-------+----------+-------------------------------------------
     0 | D:1      | Sin92 the Demonspawn Fighter began the quest for the Orb.
     0 | D:1      | Reached XP level 1. HP: 18/18 MP: 1/1
   395 | D:1      | Reached skill level 2 in Axes
   535 | D:1      | Found Ruysaor's Weapon Emporium.
   561 | D:1      | Gained mutation: You have a somewhat thin skeletal
                  | structure. (Dex +2, Stealth+) [demonic ancestry]
   561 | D:1      | Reached XP level 2. HP: 24/24 MP: 2/2
   763 | D:2      | Noticed Jessica
   769 | D:2      | Killed Jessica
   770 | D:2      | Gained mutation: You sometimes gain a little power by
                  | taking damage. [demonic ancestry]
   770 | D:2      | Reached XP level 3. HP: 17/29 MP: 3/3
   928 | D:2      | Found a radiant altar of Vehumet.
   984 | D:2      | Identified a scroll of acquirement
   984 | D:2      | Acquired 777 gold pieces
  1352 | D:2      | Reached skill level 1 in Dodging
  1600 | D:2      | Found a faded altar of an unknown god.
  1654 | D:2      | Reached XP level 4. HP: 28/35 MP: 4/4
  1947 | D:3      | Noticed a centaur
  1961 | D:3      | Killed a centaur
  1962 | D:3      | Reached skill level 3 in Axes
  1962 | D:3      | Gained mutation: You have a moderately thin skeletal
                  | structure. (Dex +4, Stealth++) [demonic ancestry]
  1962 | D:3      | Reached XP level 5. HP: 25/41 MP: 5/5
  2183 | D:3      | Found a burning altar of Makhleb.
  2588 | D:3      | HP: 1/42 [gnoll (8)]
  3455 | D:5      | Entered Level 5 of the Dungeon
  3522 | D:5      | Gained mutation: You have a pair of small antennae on your
                  | head. [demonic ancestry]
  3522 | D:5      | Reached XP level 6. HP: 46/48 MP: 6/6
  3890 | D:4      | Reached skill level 4 in Axes
  4489 | D:4      | Acquired 1257 gold pieces
  4583 | D:1      | Bought the +4 dire flail "Numoosan" {pain, Str+4} for 544
                  | gold pieces
  4583 | D:1      | Bought a +0 vampiric broad axe for 168 gold pieces
  4654 | D:5      | Reached XP level 7. HP: 21/54 MP: 7/7
  5877 | D:5      | Reached skill level 5 in Axes
  6307 | D:6      | Found a glowing drain.
  6328 | Sewer    | Entered a sewer
  6453 | Sewer    | Noticed Purgy
  6468 | Sewer    | Reached XP level 8. HP: 51/61 MP: 8/8
  6468 | Sewer    | Killed Purgy
  6661 | D:6      | Reached skill level 5 in Fighting
  7391 | D:7      | Reached skill level 6 in Axes
  7521 | D:7      | Found a staircase to the Ecumenical Temple.
  7563 | Temple   | Entered the Ecumenical Temple
  7851 | Temple   | Became a worshipper of Warmaster Okawaru
  7921 | D:7      | Reached skill level 5 in Armour
  7948 | D:7      | Found Deatiwun's Assorted Antiques.
  7957 | D:7      | Bought a dented brass amulet for 90 gold pieces
  7957 | D:7      | Bought a runed broad axe for 126 gold pieces
  7989 | D:7      | Reached skill level 5 in Shields
  8185 | D:7      | Found a hazy altar of Hepliaklqana.
  8307 | D:7      | Gained mutation: You have a pair of antennae on your head.
                  | [demonic ancestry]
  8307 | D:7      | Reached XP level 9. HP: 54/69 MP: 9/9
  8457 | D:7      | Reached * piety under Okawaru
  8771 | D:8      | Reached skill level 1 in Invocations
  9091 | D:8      | Reached skill level 7 in Axes
  9882 | D:9      | Noticed a gargoyle
  9892 | D:9      | Killed a gargoyle
  9892 | D:9      | Reached ** piety under Okawaru
 10000 | D:9      | Reached skill level 5 in Dodging
 10012 | D:9      | Found a bloodstained altar of Trog.
 10174 | D:9      | Gained mutation: You sometimes gain power by taking damage.
                  | [demonic ancestry]
 10174 | D:9      | Reached XP level 10. HP: 68/77 MP: 12/12
 10193 | D:9      | Reached *** piety under Okawaru
 10194 | D:9      | Reached skill level 8 in Axes
 10211 | D:9      | Found a staircase to the Lair.
 10494 | Lair:1   | Entered Level 1 of the Lair of Beasts
 10511 | Lair:1   | Noticed a black mamba
 10524 | Lair:1   | Killed a black mamba
 10694 | Lair:1   | Found the +1 cloak of Starlight {*Dazzle EV+4 Stlth--}
 10888 | Lair:1   | Reached **** piety under Okawaru
 10889 | Lair:1   | Reached skill level 5 in Invocations
 11214 | Lair:1   | Noticed a five-headed hydra
 11220 | Lair:1   | Slain by a six-headed hydra

Illustrated notes

Levels and vault maps discovered:
D:1:      minmay_arrival_semitransparent, layout_loops_ring, serial_shops, shop,
          grunt_decor_arrowhead
D:2:      layout_rooms, basic_altar, shapermc_ecumenical_altar_hornbeckon,
          kennysheep_generic_room_9, uniq_jessica
D:3:      minmay_general_purpose_star, layout_loops_ring, bloody_makhleb,
          minmay_circle_x
D:4:      layout_basic, hex_tiny
D:5:      layout_basic
D:6:      layout_basic, gup_sewer_entry_glass, minmay_misc_feat_x,
          minmay_tree_intersection, kennysheep_nondescript
D:7:      layout_loops_ring, nicolae_hepliaklqana_hippocampus,
          nicolae_overflow_crystal_walls, minmay_temple_entry_waves,
          serial_shops, nicolae_shop_stone
D:8:      layout_basic
D:9:      layout_cave_pools, marbit_many_paths, minmay_lair_entry_grove
Temple:   dpeg_five_rooms_temple
Lair:1:   layout_gridlike, minivault_19, lemuel_fruit_tree

Skill      XL: |  1  2  3  4  5  6  7  8  9 10 |
---------------+-------------------------------+-----
Axes           | 2 3 4 5 6 7 8 |  8.8
Armour         | 3 4 5 6 |  6.6
Shields        | 3 4 5 6 |  6.5
Dodging        | 1 2 3 4 5 |  5.9
Fighting       | 4 5 6 7 |  7.3
Invocations    | 3 5 |  5.4

Action                   |  1- 3 |  4- 6 |  7- 9 | 10-12 || total
-------------------------+-------+-------+-------+-------++-------
Melee: War axe           |    79 |   193 |       |       ||   272
       Broad axe         |       |     5 |   292 |   105 ||   402
       Mace              |       |       |       |     3 ||     3
Invok: Heroism           |       |       |     1 |     1 ||     2
  Use: Scroll            |     3 |     4 |    11 |       ||    18
       Potion            |     1 |     3 |       |     1 ||     5
 Stab: Sleeping          |       |     2 |       |       ||     2
       Distracted        |       |     1 |     1 |       ||     2
       Invisible         |       |       |       |     4 ||     4
Armor: Scale mail        |    40 |    75 |       |       ||   115
       Plate armour      |       |    61 |   208 |    43 ||   312
Dodge: Dodged            |    27 |    79 |   104 |    58 ||   268
Block: Kite shield       |    59 |   138 |   227 |    86 ||   510

Table legend: (Time is in decaauts)
 A = Elapsed time spent in this place.
 B = Non-inter-level travel time spent in this place.
 C = Inter-level travel time spent in this place.
 D = Time resting spent in this place.
 E = Time spent auto-exploring this place.
 F = Levels seen in this place.
 G = Mean time per level.
                   A        B        C        D        E       F      G
               +--------+--------+--------+--------+--------+-----+--------+
         Total |  11591 |  11110 |    481 |   1283 |   7698 |  12 |  965.9 |
       Dungeon |  10203 |   9798 |    405 |   1136 |   6814 |   9 | 1133.7 |
        Temple |    337 |    261 |     76 |      0 |    258 |   1 |  337.0 |
          Lair |    751 |    751 |      0 |    147 |    435 |   1 |  751.0 |
         Sewer |    298 |    298 |      0 |      0 |    191 |   1 |  298.0 |
               +--------+--------+--------+--------+--------+-----+--------+

Top non-repeatable levels by time:
     D:5: 1666 daAuts
     D:3: 1517 daAuts
     D:2: 1301 daAuts
     D:8: 1235 daAuts
     D:7: 1134 daAuts
     D:4: 1008 daAuts
     D:6: 902 daAuts
     D:1: 789 daAuts
  Lair:1: 751 daAuts
     D:9: 647 daAuts
  Temple: 337 daAuts
   Sewer: 298 daAuts
